 Dungeon Crawl Stone Soup version 0.30-a0-4-ga7cffc901d (webtiles) character file.

Game seed: 5403214566852257847

5 Setbun the Sneak (level 1, 0/10 HPs)
             Began as a Kobold Enchanter on Aug 20, 2022.
             Frozen to death by an endoplasm (2 damage)
             ... on level 1 of the Dungeon.
             The game lasted 00:00:12 (145 turns).

Setbun the Sneak (Kobold Enchanter)                  Turns: 145, Time: 00:00:14

Health: 0/10       AC:  2    Str:  5    XL:     1   Next: 88%
Magic:  3/3        EV: 15    Int: 16    God:
Gold:   48         SH:  0    Dex: 15    Spells: 4/4 levels left

rFire   . . .      SeeInvis .    a - +1 dagger
rCold   . . .      Faith    .    (no shield)
rNeg    . . .      Spirit   .    b - +0 robe
rPois   .          Reflect  .    (no helmet)
rElec   .          Harm     .    (no cloak)
rCorr   .          Rampage  .    (no gloves)
Will    .....                    (no boots)
Stlth   ++++......               (no amulet)
HPRegen 0.03/turn                (no ring)
MPRegen 0.08/turn                (no ring)

@: no status effects
A: small, no large weapons, nightstalker 3
a: no special abilities


You were on level 1 of the Dungeon.
You visited 1 branch of the dungeon, and saw 1 of its levels.

You collected 48 gold pieces.

Inventory:

Hand Weapons
 a - a +1 dagger (weapon)
Armour
 b - a +0 robe (worn)
Scrolls
 d - a scroll of enchant armour {unknown}
Potions
 c - 2 potions of invisibility


   Skills:
 + Level 0.2 Fighting
 * Level 1.7 Short Blades
 + Level 2.5 Dodging
 + Level 4.0 Stealth
 + Level 2.2 Spellcasting
 + Level 3.0 Hexes


You had 4 spell levels left.
You didn't know any spells.
Your spell library contained the following spells:

 Spells                   Type           Power      Damage    Failure   Level
 Ensorcelled Hibernation  Hex/Ice        12%        N/A       16%         2
 Confusing Touch          Hex            11%        N/A       17%         3
 Tukima's Dance           Hex            11%        N/A       17%         3
 Dazzling Flash           Conj/Hex       12%        N/A       32%         3


Dungeon Overview and Level Annotations

Branches:
Dungeon (1/15)

Altars:


Innate Abilities, Weirdness & Mutations

You are small and have problems with some larger weapons.
You are completely attuned to the shadows.


Message History

No target in view!
No target in view!
No target in view!
Found a leather armour.
You see here a ball python corpse.
You now have 20 gold pieces (gained 6).
You now have 35 gold pieces (gained 15).
A ball python comes into view.
The helpless ball python fails to defend itself.
You impale the ball python!!
You kill the ball python!
No target in view!
No target in view!
No target in view!
No target in view!
You now have 48 gold pieces (gained 13).
A giant cockroach, an endoplasm and a kobold come into view.
The kobold shouts!
The endoplasm quivers.
The endoplasm moves out of view.
There are monsters nearby!
Found a stone staircase leading down.
You hit the endoplasm but do no damage. The giant cockroach barely misses you.
The endoplasm hits you.
You hit the endoplasm.
The endoplasm is moderately wounded.
The giant cockroach bites you but does no damage.
The endoplasm hits you. The giant cockroach misses you.
You hit the endoplasm but do no damage.
The endoplasm is moderately wounded.
The endoplasm completely misses you. The kobold closely misses you.
The giant cockroach misses you.
You hit the endoplasm.
The endoplasm is heavily wounded.
The kobold hits you with a +0 short sword.
The giant cockroach bites you.
* * * LOW HITPOINT WARNING * * *
The endoplasm freezes you.
You are frozen.
You die...

##################
...#.............#
##.#.###########@#
#....## ...KJB.>#
#.....# .##......
##...## #..##.#
##.## #... .# #.#
#.#


You could see an endoplasm, a giant cockroach and a kobold.

Vanquished Creatures
  2 ball pythons (D:1)
  A giant cockroach (D:1)
  A hobgoblin (D:1)
  A frilled lizard (D:1)
5 creatures vanquished.

Notes
Turn   | Place    | Note
-------+----------+-------------------------------------------
     0 | D:1      | Setbun the Kobold Enchanter began the quest for the Orb.
     0 | D:1      | Reached XP level 1. HP: 10/10 MP: 3/3
   145 | D:1      | Frozen to death by an endoplasm

Illustrated notes

Levels and vault maps discovered:
D:1:      saegor_arrival_simple_a, layout_loops_corners, minmay_tetromino_l2

Action                   || total
-------------------------++-------
Melee: Dagger            ||    10
 Stab: Sleeping          ||     3
Armor: Robe              ||     1
Dodge: Dodged            ||    10

Table legend: (Time is in decaauts)
 A = Elapsed time spent in this place.
 B = Non-inter-level travel time spent in this place.
 C = Inter-level travel time spent in this place.
 D = Time resting spent in this place.
 E = Time spent auto-exploring this place.
 F = Levels seen in this place.
 G = Mean time per level.
                   A        B        C        D        E       F      G
               +--------+--------+--------+--------+--------+-----+--------+
         Total |    144 |    144 |      0 |      0 |    117 |   1 |  144.0 |
       Dungeon |    144 |    144 |      0 |      0 |    117 |   1 |  144.0 |
               +--------+--------+--------+--------+--------+-----+--------+

Top non-repeatable levels by time:
     D:1: 144 daAuts
